Map: Triton LE

Players

Agares

  • Race: Terran Terran
  • League: Gold
  • Spawn Location: 11:00

jamestkirk - Winner!

  • Race: Protoss Protoss
  • League: Gold
  • Spawn Location: 5:00

VOD

Have the link to the VOD?

Description

Time

  • Played on: Feb. 21, 2020, 6:01 p.m.
  • Length: 14:02
Show
View Real Time Build Order
Export as new Build Order

Agares Terran 

Build Orders:  

Get SALT Encoding   

  12  0:00  SCV  
  13  0:14  Supply Depot  
  13  0:18  SCV  
  14  0:25  Refinery  
  14  0:38  Barracks  
  14  0:42  SCV  
  15  0:57  Barracks  
  15  1:08  Supply Depot  
  15  1:13  SCV  
  16  1:35  Orbital Command  
  16  1:48  Barracks Tech Lab  
  16  1:52  Barracks Reactor  
  16  1:56  Barracks  
  16  2:03  SCV  
  17  2:09  Combat Shield  
  17  2:55  Barracks Reactor  
  17  2:57  Marine x2  
  19  3:33  Marine x2  
  21  3:34  Marine x2  
  21  3:37  Marauder  
  25  3:42  Engineering Bay  
  25  3:43  SCV  
  26  3:52  Marine, Supply Depot  
  26  3:53  Marine x3  
  26  3:55  SCV  
  31  4:13  SCV  
  31  4:14  Marauder  
  34  4:19  Marine x2  
  34  4:20  Marine x2  
  38  4:31  Supply Depot  
  38  4:35  Supply Depot  
  38  4:39  SCV  
  39  4:51  Terran Infantry Weapons Level 1  
  39  4:53  Marine x4, Marauder  
  45  5:03  Command Center  
  45  5:10  Marine x2  
  45  5:11  Marine x2  
  45  5:14  Factory  
  49  5:15  Refinery  
  49  5:29  SCV  
  49  5:35  Missile Turret  
  50  5:48  Marauder  
  50  5:49  Marine x3  
  55  5:57  Supply Depot  
  55  6:01  Factory Tech Lab  
  55  6:04  Starport  
  55  6:08  Marine  
  53  6:20  Supply Depot  
  35  6:34  Siege Tank  
  35  6:39  Marine x4, Marauder  
  41  6:42  Starport Tech Lab  
  41  6:44  Starport  
  41  6:45  SCV  
  42  6:48  Supply Depot  
  42  6:57  SCV  
  43  7:08  Orbital Command  
  43  7:13  Bunker  
  43  7:43  Starport Tech Lab  
  43  7:45  Fusion Core  
  43  7:47  SCV  
  43  7:50  Terran Infantry Armor Level 1  
  44  7:51  Siege Tank  
  47  7:59  SCV  
  47  8:04  Missile Turret  
  48  8:06  SCV  
  48  8:11  SCV  
  50  8:18  SCV  
  51  8:30  SCV  
  52  8:49  Supply Depot  
  52  9:14  Supply Depot  
  52  9:17  SCV  
  52  9:20  SCV  
  54  9:24  Battlecruiser  
  54  9:25  Battlecruiser  
  54  9:29  SCV  
  67  9:36  Marine x4  
  71  9:39  Refinery  
  71  9:41  SCV  
  72  9:53  Missile Turret  
  72  9:57  SCV  
  73  10:01  Siege Tank  
  76  10:10  Weapon Refit  
  76  10:13  Marine x2  
  78  10:14  Marine x2  
  78  10:19  SCV  
  81  10:26  Refinery  
  81  10:31  SCV  
  81  10:32  Supply Depot  
  82  10:46  Battlecruiser  
  82  10:47  SCV  
  89  11:00  SCV  
  90  11:05  Marine  
  90  11:06  Marine x2  
  93  11:12  SCV, Command Center  
  94  11:28  Battlecruiser  
  100  11:36  Armory  
  100  11:53  Battlecruiser  
Show
View Real Time Build Order
Export as new Build Order

jamestkirk Protoss - Winner!

Build Orders: 1 Gate Expand, Archon Immortal 

Get SALT Encoding   

  12  0:01  Probe  
  13  0:13  Probe  
  14  0:19  Pylon  
  14  0:25  Probe  
  15  0:37  Probe  
  15  0:40  Gateway  
  17  0:50  Probe (Chrono Boost)  
  17  0:58  Assimilator  
  17  1:02  Probe (Chrono Boost)  
  18  1:11  Probe (Chrono Boost)  
  19  1:16  Probe  
  20  1:37  Nexus  
  20  1:42  Pylon  
  20  1:48  Assimilator  
  20  1:52  Cybernetics Core  
  20  1:54  Probe  
  21  2:06  Probe  
  22  2:18  Probe (Chrono Boost)  
  23  2:28  Warp Gate (Chrono Boost)  
  23  2:30  Stalker  
  23  2:32  Gateway  
  23  2:33  Probe  
  26  2:45  Probe  
  27  2:56  Robotics Facility  
  27  2:57  Probe x2  
  29  3:04  Sentry  
  31  3:09  Probe (Chrono Boost)  
  33  3:15  Probe (Chrono Boost)  
  33  3:19  Probe (Chrono Boost)  
  34  3:20  Stalker  
  34  3:23  Probe (Chrono Boost)  
  34  3:24  Probe (Chrono Boost)  
  38  3:34  Probe (Chrono Boost)  
  40  3:41  Probe (Chrono Boost)  
  40  3:44  Probe (Chrono Boost)  
  43  3:48  Probe (Chrono Boost)  
  43  3:49  Probe (Chrono Boost)  
  43  3:51  Observer  
  44  3:59  Probe  
  44  4:00  Probe  
  44  4:01  Pylon  
  46  4:14  Pylon  
  46  4:19  Probe x2, Immortal  
  53  4:31  Probe x2  
  53  4:33  Twilight Council, Nexus  
  53  4:34  Pylon  
  54  4:40  Forge  
  54  4:43  Pylon, Probe (Chrono Boost)  
  54  4:44  Probe (Chrono Boost)  
  56  4:55  Probe (Chrono Boost)  
  58  5:01  Probe (Chrono Boost), Immortal  
  58  5:03  Probe (Chrono Boost)  
  63  5:08  Probe (Chrono Boost)  
  63  5:09  Probe, Assimilator  
  63  5:12  Assimilator  
  65  5:15  Pylon  
  65  5:16  Shield Battery, Stalker x2  
  69  5:26  Charge  
  69  5:29  Probe x2  
  69  5:31  Protoss Ground Weapons Level 1  
  71  5:40  Gateway  
  71  5:41  Probe, Gateway x2  
  72  5:46  Gateway  
  72  5:47  Probe  
  72  5:53  Probe  
  72  5:54  Zealot x2  
  77  5:59  Probe  
  78  6:05  Probe  
  62  6:32  Probe (Chrono Boost)  
  59  6:36  Zealot x2  
  59  6:37  Probe (Chrono Boost), Zealot x3  
  69  6:43  Probe (Chrono Boost)  
  69  6:44  Immortal  
  69  6:46  Probe (Chrono Boost)  
  75  6:51  Probe (Chrono Boost)  
  75  6:53  Probe (Chrono Boost)  
  77  6:57  Pylon  
  77  6:58  Probe (Chrono Boost)  
  77  7:00  Pylon, Probe (Chrono Boost)  
  80  7:03  Probe (Chrono Boost)  
  82  7:10  Probe (Chrono Boost)  
  82  7:11  Probe (Chrono Boost)  
  83  7:16  Probe (Chrono Boost)  
  83  7:19  Probe (Chrono Boost)  
  83  7:20  Probe (Chrono Boost)  
  86  7:23  Zealot x2, Immortal  
  86  7:25  Probe x2 (Chrono Boost)  
  96  7:31  Probe (Chrono Boost)  
  96  7:34  Probe (Chrono Boost)  
  96  7:36  Forge  
  98  7:38  Probe (Chrono Boost)  
  98  7:39  Probe (Chrono Boost)  
  98  7:40  Probe (Chrono Boost)  
  98  7:43  Protoss Ground Armor Level 1 (Chrono Boost)  
  100  7:45  Probe (Chrono Boost)  
  100  7:50  Gateway  
  103  7:52  Probe (Chrono Boost)  
  103  7:53  Probe (Chrono Boost)  
  103  7:54  Gateway  
  103  7:57  Probe (Chrono Boost)  
  106  8:05  Probe (Chrono Boost)  
  106  8:06  Probe (Chrono Boost)  
  106  8:09  Probe (Chrono Boost)  
  106  8:11  Assimilator  
  106  8:12  Assimilator  
  107  8:13  Probe  
  107  8:14  Probe  
  107  8:16  Pylon, Templar Archives  
  109  8:26  Protoss Ground Weapons Level 2 (Chrono Boost)  
  109  8:51  Nexus  
  109  8:53  Observer  
  110  8:56  High Templar x4  
  110  8:57  High Templar x3  
  124  9:08  Pylon x2  
  124  9:11  Pylon  
  124  9:12  Pylon  
  124  9:26  Immortal  
  124  9:28  Probe x3  
  131  9:32  Nexus  
  131  9:33  Archon  
  131  9:34  Pylon, Archon x2  
  131  9:40  Probe x3  
  131  9:44  High Templar  
  131  9:45  High Templar x2  
  138  9:46  High Templar  
  138  9:48  High Templar  
  138  9:51  High Templar  
  146  9:59  High Templar  
  148  10:02  Archon x2  
  148  10:03  Archon  
  148  10:05  Archon  
  148  10:08  Gateway  
  148  10:10  Gateway  
  148  10:14  Gateway  
  148  10:23  Gateway  
  148  10:28  Gateway x3  
  148  10:32  Protoss Ground Armor Level 2 (Chrono Boost)  
  148  10:40  Zealot x2  
  148  10:41  Zealot x6  
  164  10:48  Protoss Shields Level 1  
  164  10:50  Pylon  
  164  10:52  Photon Cannon  
  164  10:55  Pylon  
  164  10:56  Probe x3  
  164  10:57  Probe  
  168  11:04  High Templar x4  
  170  11:08  Probe x3  
  170  11:09  Probe, Archon  
  170  11:10  Archon  
  180  11:12  Zealot x7  
  194  11:41  Pylon  
  194  11:44  Photon Cannon  
  194  11:48  Photon Cannon  
  194  11:51  Shield Battery  
  174  12:09  Pylon  
  174  12:12  Photon Cannon  
  122  12:43  Stalker x6  
  122  12:44  Stalker x7  
  138  12:45  Stalker x2  
  126  13:07  Stalker  
  126  13:08  Stalker x11  
  126  13:09  Stalker x3  
  140  13:22  Photon Cannon x2  
  140  13:26  Shield Battery x2, Photon Cannon  
  140  13:29  Pylon x2  
  140  13:33  Stalker  
  138  13:34  Stalker x3  
  138  13:35  Stalker x3  
  138  13:36  Stalker x7  
Tags
 
Composition
Archon Immortal
League
GoldGold
Matchup
PvT
Spawn Locations
Cross Positions
Add a new tag
Caveats
  • Supply blocks, unpowered buildings, or Contaminate may cause inaccurate times.
  • Supply counts are checked every 10 seconds.